 Dungeon Crawl Stone Soup version 0.28-b1-25-g9875b3fc8c (webtiles) character file.

Game seed: 1815330584232204425

25 crazypyro the Chucker (level 2, 0/21 HPs)
             Began as a Demonspawn Wanderer on Jan 31, 2022.
             Slain by an adder (1 damage)
             ... on level 2 of the Dungeon.
             The game lasted 00:02:36 (1438 turns).

crazypyro the Chucker (Demonspawn Wanderer)         Turns: 1438, Time: 00:02:38

Health: 0/21       AC:  2    Str: 13    XL:     2   Next: 86%
Magic:  0/4        EV: 11    Int: 20    God:
Gold:   53         SH:  0    Dex: 11    Spells: 2/3 levels left

rFire   . . .      SeeInvis .   l - +6 trident of Piukocy {flame, *Noise Int+7}
rCold   . . .      Faith    .   (no shield)
rNeg    . . .      Spirit   .   d - +0 robe
rPois   .          Reflect  .   (helmet restricted)
rElec   .          Harm     .   (no cloak)
rCorr   .          Rampage  .   (no gloves)
Will    .....                   (no boots)
Stlth   +.........              (no amulet)
HPRegen 0.07/turn               (no ring)
MPRegen 0.09/turn               (no ring)

@: no status effects
A: antennae 1
a: no special abilities


You were on level 2 of the Dungeon.
You visited 1 branch of the dungeon, and saw 2 of its levels.

You collected 53 gold pieces.

Inventory:

Hand Weapons
 a - a +2 dagger
 l - the +6 trident of Piukocy (weapon) {flame, *Noise Int+7}
   (You took it off a kobold on level 2 of the Dungeon)

   It burns those it strikes, dealing additional fire damage.
   Int:       It affects your intelligence (+7).
   *Noise:    It may make noises in combat.
Armour
 d - a +0 robe (worn)
Magical Staves
 g - a staff of fire
Jewellery
 b - a ring of flight
Scrolls
 e - a scroll of enchant armour {unknown}
 h - a scroll of fog {unknown}
 i - a scroll of fear {unknown}
 j - a scroll of immolation {unknown}
 k - a scroll of teleportation {unknown}
Potions
 f - 3 potions of magic {unknown}
Miscellaneous
 c - a piece from Xom's chessboard (15/15)


   Skills:
 - Level 1.0 Fighting
 * Level 0.7 Staves
 - Level 4.5 Throwing
 + Level 1.4 Spellcasting
 + Level 0.4 Fire Magic
 + Level 2.1 Ice Magic
 + Level 1.5 Evocations


You had 2 spell levels left.
You knew the following spells:

 Your Spells              Type           Power      Damage    Failure   Level
a - Freeze                Ice            40%        1d6       7%          1

Your spell library contained the following spells:

 Spells                   Type           Power      Damage    Failure   Level
 Frozen Ramparts          Ice            20%        1d4       21%         3


Dungeon Overview and Level Annotations

Branches:
Dungeon (2/15)

Altars:


Innate Abilities, Weirdness & Mutations

You have a pair of small antennae on your head.


Message History

You feel sick.
You are no longer poisoned.
The kobold misses you.
Casting: Freeze (safe; 11% risk of failure)
Confirm with . or Enter, or press ? or * to list all spells.
Aiming: Freeze (safe; 11% risk of failure)
Press: ? - help, Shift-Dir - straight line, f - kobold
Aim: a kobold, wielding the +6 trident of Piukocy {flame, *Noise Int+7} and quivering stones You freeze the kobold.
You kill the kobold!
f - 3 lumpy ruby potions (gained 1);
k - a scroll labelled MOFOSO NOESM You now have 53 gold pieces (gained 9).
Things that are here:
the +6 trident of Piukocy {flame, *Noise Int+7}; a stone
l - the +6 trident of Piukocy {flame, *Noise Int+7} You feel clever.
The +6 trident of Piukocy {flame, *Noise Int+7} bursts into flame!
l - the +6 trident of Piukocy (weapon)
{flame, *Noise Int+7} You sense a monster nearby.
You are too injured to fight recklessly!
An adder is nearby!
The adder hisses angrily.
Casting: Freeze (safe; 7% risk of failure)
Confirm with . or Enter, or press ? or * to list all spells.
Aiming: Freeze (safe; 7% risk of failure)
Press: ? - help, Shift-Dir - straight line, f - adder
Aim: an adder You freeze the adder.
The adder is heavily wounded.
The adder bites you.
* * * LOW HITPOINT WARNING * * *
Casting: Freeze (safe; 7% risk of failure)
Confirm with . or Enter, or press ? or * to list all spells.
Aiming: Freeze (safe; 7% risk of failure)
Press: ? - help, Shift-Dir - straight line, f/p - adder
Aim: an adder (heavily wounded)
You freeze the adder.
The adder is severely wounded.
The adder seems to slow down.
The adder bites you.
You die...

## ####.....# #...
#......#.## #.
#.##.##......## #.
.............# #.
#..#....# #. #....#
#.#####.##.# .#
##.#.#....##..#)###...#
.......@S.(...#.......#
.#.####....#..#.###....
#....#..#.# ..
#.......#.# #...###.#.#
#...# #.#.# ##### #.#.#
#.#.# #####.#'##


You could see an adder (slow).

Vanquished Creatures
  An adder (D:2)
  4 ball pythons
  A bat (D:1)
  3 giant cockroaches (D:1)
  A goblin (D:2)
  A hobgoblin (D:2)
  2 kobolds (D:2)
  3 frilled lizards
16 creatures vanquished.

Notes
Turn   | Place    | Note
-------+----------+-------------------------------------------
     0 | D:1      | crazypyro the Demonspawn Wanderer began the quest for the
                  | Orb.
     0 | D:1      | crazypyro set off with the following items: a +2 dagger, a
                  | curare-tipped dart, a piece from Xom's chessboard (15/15),
                  | a +0 robe; and the following spell memorised: Freeze; and
                  | the following spells available to memorise: Frozen Ramparts
     0 | D:1      | Reached XP level 1. HP: 15/15 MP: 2/2
   459 | D:1      | Gained mutation: You have a pair of small antennae on your
                  | head. [demonic ancestry]
   459 | D:1      | Reached XP level 2. HP: 11/21 MP: 1/3
   747 | D:1      | Found a faded altar of an unknown god.
  1403 | D:2      | Identified the +6 trident of Piukocy {flame, *Noise Int+7}
  1414 | D:2      | HP: 1/21 [poisoned by an adder]
  1437 | D:2      | HP: 1/21 [adder (1)]
  1438 | D:2      | Slain by an adder

Illustrated notes

Levels and vault maps discovered:
D:1:      pf_arrival_petrified_forest, layout_basic,
          shapermc_ecumenical_altar_notcrosses, chequers_serial_rivers_micro_d
D:2:      layout_basic

Skill      XL: |  1 |
---------------+----+-----
Ice Magic      | 2 |  2.1
Fighting       | |  1.0
Staves         | |  0.7
Throwing       | |  4.5
Spellcasting   | |  1.4
Fire Magic     | |  0.4
Evocations     | |  1.5

Action                   || total
-------------------------++-------
Melee: Dagger            ||     9
       Staff             ||    24
       Punch             ||     2
Throw: Dart              ||     1
 Cast: Freeze            ||    13
Armor: Robe              ||     6
Dodge: Dodged            ||    29
